Fred, chaotic male human Priest ------------ ------------- #-..........| |............# -------- #|..........| ########............|# |......-# #|......>...| |...).......|# |......|# #---------|-- ----.--------# |......|# # ## # # -.-.----# # # ### # # #`#################### # # # # # ---.-- ### # # # # |....| % # # # # |....| # # ## ######### |....| # # -.- ##------# |....| ---------.---- # -------- ....|#####+....|# |....-#######|............| # |.[[.[[| !.....| ##|.....# ------ #.............| # |..[[[[| .....)..| ##|....| |.%.I.<......| # |.)[[[[| |........+ ###-....| |............| # |.[[%[)| ---------- |....| -------------- ##-.[[.[[| ------ -------- Fred the Acolyte Experience level: 5 Strength: 10 Dexterity: 11 Constitution: 17 Intelligence: 9 Wisdom: 18 Charisma: 11 Health: 0(47) Energy: 57(62) Def: 9 Gold: 526 Moves: 2172 Dungeon seed: tz7FV7oxfIRFj9nz Game ID: Fred_1584763312 Your Inventory: Coins $ - 526 gold pieces Weapons a - a blessed +1 mace (weapon in hand) j - 11 +0 darts Armor e - a +0 banded mail (being worn) n - a +0 small shield (being worn) q - a +0 pair of jumping boots (being worn) z - a +0 cloak of magic resistance (being worn) Comestibles c - a clove of garlic d - a sprig of wolfsbane Scrolls p - a scroll of gold detection w - a cursed scroll of remove curse Spellbooks f - a spellbook of healing g - a spellbook of create monster m - a spellbook of dig Potions b - 4 potions of holy water v - a blessed potion of object detection Rings u - a ring of conflict Wands k - a wand of striking (0:7) Gems r - a topaz stone Spells and supernatural/magical abilities: Name Level Category Fail Memory h - healing 1 healing 58% 90% O - create monster 2 clerical 76% 90% W - pray for help -- divine ? -- X - turn undead -- divine ? -- Y - supernatural jump -- ability ? -- Your skills at the end: Fighting Skills Weapon Skills mace [Basic] Spellcasting Skills clerical spells [Basic] Final Attributes: You were piously aligned. You were magic-protected. You could jump. You are dead. Vanquished creatures: a small mimic a little dog a dwarf 2 rothes a rabid rat a wererat 2 acid blobs a coyote a hobbit a yellow mold a red mold 4 gnomes a gecko 4 jackals a kobold 4 goblins a sewer rat 8 grid bugs 5 lichens a kobold zombie 4 newts 46 creatures vanquished. Voluntary challenges: You used a wielded weapon 47 times, starting on turn 56. You read items or engraved 1 time, starting on turn 1702. You never genocided any monsters. You never polymorphed an object. You never changed form. You used no wishes. You never split a pudding. You never wrote Elbereth's name. You never violated your personal moral code. Dungeon overview: The Dungeons of Doom: levels 1 to 4 Level 1 a long staircase Level 2 a fountain Level 3 a fountain stairs to The Gnomish Mines Level 4 <- You were here an armor shop The Gnomish Mines: Level 4 stairs to The Dungeons of Doom History has recorded: On T:1 you entered the Dungeons of Doom to retrieve the Amulet of Yendor! On T:92 you advanced to experience level 2. On T:382 you reached level 2 of The Dungeons of Doom. On T:876 you reached level 3 of The Dungeons of Doom. On T:1180 you advanced to experience level 3. On T:1343 you reached level 1 of The Gnomish Mines. On T:1534 you advanced to experience level 4. On T:1587 you reached level 4 of The Dungeons of Doom. On T:2114 you advanced to experience level 5. Score breakdown: Gold: 526 ( 9258 points) Experience: 5 levels (11141 points) Exploration: 4 levels ( 8.89%) ( 7833 points) Discoveries: 2 items ( 0.67%) ( 2461 points) Valuables value: (no points given unless you survive) Artifact value: 0 ( 0 points) Variety of kills: 21 monsters ( 5.51%) ( 7043 points) Turncount: 2172 turns ( -122 points) Survival: died (score multiplied by 80%) Total score: 30091 Latest messages: You hear someone cursing shoplifters. You fail to cast the spell correctly. The dwarf wields a dagger! The dagger welds itself to the dwarf's hand! The kitten bites! You hit the dwarf. The kitten misses. The dwarf thrusts his dagger. The dwarf hits! The kitten bites! You kill the dwarf! The kitten bites! You miss the kitten. The kitten misses. The kitten just misses! The kitten misses. You faint from lack of food. It bites! (8x) You die... Final status: Goodbye Fred the Priest, killed by a kitten, while fainted from lack of food... You died in The Dungeons of Doom on dungeon level 4 with 30091 points, and 526 pieces of gold, after 2172 moves. You were level 5 with a maximum of 47 hit points when you died.